 Dungeon Crawl Stone Soup version 0.29.1-1-gd02db6906a (webtiles) character file.

Game seed: 11688127538968560274

407 Hadkhar the Chopper (level 6, -2/48 HPs)
             Began as a Demonspawn Gladiator on Sept 28, 2022.
             Slain by Sigmund
             ... wielding a +0 scythe
              (9 damage)
             ... on level 4 of the Dungeon.
             The game lasted 00:18:32 (2789 turns).

Hadkhar the Chopper (Demonspawn Gladiator)          Turns: 2789, Time: 00:18:33

Health: -2/48      AC: 12    Str: 17    XL:     6   Next: 57%
Magic:  6/6        EV: 16    Int:  7    God:
Gold:   187        SH:  0    Dex: 14    Spells: 5/5 levels left

rFire   . . .      SeeInvis .   a - +0 war axe
rCold   . . .      Faith    .   (no shield)
rNeg    . . .      Spirit   .   h - +0 ring mail
rPois   .          Reflect  .   c - +0 helmet
rElec   .          Harm     .   (no cloak)
rCorr   .          Rampage  .   (no gloves)
Will    .....                   (no boots)
Stlth   +.........              g - amulet of regeneration
HPRegen 0.96/turn               (no ring)
MPRegen 0.10/turn               (no ring)

@: agile, sanguine armoured, on berserk cooldown, slowed, very slow
A: hooves 1, powered by pain 2, sanguine armour 1, dopey 1, evolution 1
a: no special abilities


You were on level 4 of the Dungeon.
You visited 1 branch of the dungeon, and saw 4 of its levels.

You collected 187 gold pieces.

Inventory:

Hand Weapons
 a - a +0 war axe (weapon)
Missiles
 d - 5 throwing nets
 e - 5 javelins (quivered)
Armour
 c - a +0 helmet (worn)
 h - a +0 ring mail (worn)
Jewellery
 g - an amulet of regeneration (around neck)
 l - an amulet of reflection
 q - an amulet of regeneration
Wands
 r - a wand of flame (18)
Scrolls
 b - 2 scrolls of immolation
 f - a scroll of enchant weapon {unknown}
 i - a scroll of magic mapping {unknown}
 m - 3 scrolls of teleportation {unknown}
 o - 2 scrolls of vulnerability {unknown}
 p - a scroll of summoning {unknown}
Potions
 k - a potion of mutation
 t - a potion of degeneration {unknown}
 u - a potion of heal wounds {unknown}


   Skills:
 + Level 3.7 Fighting
 * Level 5.1 Axes
 - Level 2.1 Throwing
 + Level 2.6 Armour
 - Level 2.7 Dodging


You had 5 spell levels left.
You didn't know any spells.
Your spell library contained the following spells:

 Spells                   Type           Power      Damage    Failure   Level
 Sublimation of Blood     Necr           0%         N/A       77%         2
 Wereblood                Tmut           0%         N/A       77%         2
 Call Canine Familiar     Summ           0%         N/A       94%         3
 Portal Projectile        Hex/Tloc       0%         N/A       94%         3
 Leda's Liquefaction      Hex/Erth       0%         N/A       100%        4
 Summon Hydra             Summ           0%         N/A       100%        7


Dungeon Overview and Level Annotations

Branches:
Dungeon (4/15)
 Temple: D:4-7

Altars:
Nemelex Xobeh
Trog

Annotations:
D:4 Sigmund


Innate Abilities, Weirdness & Mutations

You have large cloven feet.
You sometimes gain power by taking damage.
When seriously injured, your blood forms armour. (AC +6)
You are dopey. (Int -2)
You have hidden genetic potential.


Message History

* * * LOW HITPOINT WARNING * * *
Something hits you but does no damage.
You feel a strong urge to attack something.
You are no longer berserk.
You are exhausted.
You feel yourself slow down. Something hits you but does no damage.
Items here: $ )))) = [[ †††.
You barely miss something. You kick something. You closely miss something.
Something barely misses you.
Something hits you but does no damage. x2
Something closely misses you.
You miss something. You punch something. You barely miss something.
Something hits you!
* * * LOW HITPOINT WARNING * * *
Something hits you but does no damage.
You hear some strange, mumbled words.
You are confused.
You hear some strange, mumbled words.
You are more confused.
You feel better.
You hear some strange, mumbled words.
A magic dart appears from out of thin air!
The magic dart hits you but does no damage.
Something barely misses you. Something hits you but does no damage.
Read: 3 scrolls of immolation
Press: ? - help, Q - select action, (/) - cycle Dir - look around, f - activate
Okay, then.
Read: 3 scrolls of immolation
Press: ? - help, Q - select action, (/) - cycle Dir - look around, f - activate
As you read the scroll of immolation, it crumbles to dust.
The creatures around you are filled with an inner flame!
Something hits you!
* * * LOW HITPOINT WARNING * * *
Something hits you but does no damage. Something hits you.
* * * LOW HITPOINT WARNING * * *
Something hits you but does no damage.
You feel better. Something hits you.
* * * LOW HITPOINT WARNING * * *
Something hits you but does no damage. Something hits you!
You die...

...# #....##.................# #
...# #....##....#............###
#######....#....##............##.
#..........#........... .........
#...................... #.....
#...........)............###.†...
#..........#....#####..........#.
#..........#....#####...#####.##.
#..........#...{@.......#...∩....
#).........#...{##......#........
)).........#######......#........
....))...............###.......#.
.......####...........##.####..).
.......# #.............>####'###
........# #...........(..........
........# #.....................#
........# #.....................#


There were no monsters in sight!

Vanquished Creatures
  An ogre (D:4)
  A necrophage (D:3)
  Ijyb (D:3)
  2 orc wizards (D:4)
  6 adders
  4 gnolls (D:3)
  A worm (D:2)
  3 dart slugs
  9 orcs (D:4)
  3 bats
  6 endoplasms
  4 giant cockroaches
  6 goblins
  6 hobgoblins
  6 jackals
  2 quokkas (D:4)
  8 ball pythons
  3 frilled lizards
  9 kobolds
  5 rats
86 creatures vanquished.

Notes
Turn   | Place    | Note
-------+----------+-------------------------------------------
     0 | D:1      | Hadkhar the Demonspawn Gladiator began the quest for the
                  | Orb.
     0 | D:1      | Reached XP level 1. HP: 16/16 MP: 1/1
   375 | D:1      | Gained mutation: You have large cloven feet. [demonic
                  | ancestry]
   375 | D:1      | Reached XP level 2. HP: 22/22 MP: 2/2
   506 | D:1      | Found a faded altar of an unknown god.
   516 | D:1      | Reached skill level 3 in Axes
  1023 | D:2      | You fall into a shaft and drop 2 floors!
  1038 | D:4      | Gained mutation: When seriously injured, your blood forms
                  | armour. (AC +6) [demonic ancestry]
  1038 | D:4      | Reached XP level 3. HP: 28/28 MP: 3/3
  1116 | D:4      | Reached skill level 1 in Armour
  1184 | D:3      | Found a sparkling altar of Nemelex Xobeh.
  1190 | D:3      | Gained mutation: You sometimes gain a little power by
                  | taking damage. [demonic ancestry]
  1190 | D:3      | Reached XP level 4. HP: 34/34 MP: 4/4
  1878 | D:3      | Noticed Ijyb
  1902 | D:3      | Killed Ijyb
  1903 | D:3      | Reached skill level 4 in Axes
  1903 | D:3      | Reached XP level 5. HP: 25/41 MP: 5/5
  1987 | D:3      | Found a bloodstained altar of Trog.
  2273 | D:3      | Gained mutation: You sometimes gain power by taking damage.
                  | [demonic ancestry]
  2273 | D:3      | Reached XP level 6. HP: 29/47 MP: 6/6
  2679 | D:4      | Gained mutation: You are dopey. (Int -2) [potion of
                  | mutation]
  2679 | D:4      | Gained mutation: You have hidden genetic potential. [potion
                  | of mutation]
  2739 | D:4      | Noticed Sigmund
  2782 | D:4      | Reached skill level 5 in Axes
  2787 | D:4      | HP: 2/48 [something (6)]
  2789 | D:4      | Slain by Sigmund

Illustrated notes

Levels and vault maps discovered:
D:1:      erik_arrival_cave_to_civilisation [erik_arrival_cave_to_hall],
          layout_basic, hellmonk_ecumenical_altar_dog_temple
D:2:      layout_basic
D:3:      layout_rooms, trog_book, mainiacjoe_overflow_boulevard, uniq_ijyb
D:4:      layout_basic, abandoned_shop, uniq_sigmund

Skill      XL: |  1  2  3  4  5  6 |
---------------+-------------------+-----
Throwing       | 2 |  2.1
Axes           | 3 4 5 |  5.1
Armour         | 1 2 |  2.6
Fighting       | 3 |  3.7
Dodging        | |  2.7

Action                   |  1- 3 |  4- 6 || total
-------------------------+-------+-------++-------
Melee: War axe           |    63 |   147 ||   210
       Kick              |    11 |    39 ||    50
       Punch             |     1 |     2 ||     3
  Use: Scroll            |       |     5 ||     5
       Potion            |       |     4 ||     4
Armor: Leather armour    |     6 |       ||     6
       Ring mail         |    11 |    92 ||   103
Dodge: Dodged            |    36 |   102 ||   138
